 Dungeon Crawl Stone Soup version 0.31.0-11-ge490571c62 (webtiles) character file.

Game seed: 17948385885859955406

284 ProzacElf the Chopper (level 6, 0/53 HPs)
             Began as a Gnoll Cinder Acolyte on Jan 31, 2024.
             Was a High Priest of Ignis.
             Splashed by a jelly's acid (4 damage)
             ... on level 3 of the Dungeon.
             The game lasted 00:05:47 (4435 turns).

ProzacElf the Chopper (Gnoll Cinder Acolyte)        Turns: 4435, Time: 00:05:48

Health: 0/53       AC:  4    Str: 15    XL:     6   Next: 29%
Magic:  11/11      EV:  9    Int: 13    God:    Ignis [*****.]
Gold:   193        SH:  0    Dex:  8    Spells: 11/11 levels left

rFire   + . .        a - +2 short sword (speed)
rCold   . . .        (no shield)
rNeg    . . .        n - +0 scale mail
rPois   .            (no helmet)
rElec   .            e - +0 cloak
rCorr   .            (no gloves)
SInv    .            i - +0 pair of boots
Will    .....        (no amulet) Stlth
                     (no ring)
HPRegen 0.28/turn    (no ring)
MPRegen 0.12/turn

%: no passive effects
@: corroded
A: fangs 1, strong nose, distributed training
a: Renounce Religion, Fiery Armour, Foxfire Swarm, Rising Flame


You were on level 3 of the Dungeon.
You worshipped Ignis.
Ignis was extremely pleased with you.
You visited 1 branch of the dungeon, and saw 4 of its levels.

You collected 193 gold pieces.

Inventory:

Hand Weapons
 a - a +2 short sword of speed (weapon)
 b - a +0 sling
 j - a -1 hand axe of flaming
 q - a +2 dagger of protection
Missiles
 r - 4 poisoned darts (quivered)
Armour
 e - a +0 cloak (worn)
 g - a +0 leather armour
 h - a +0 robe
 i - a +0 pair of boots (worn)
 n - a +0 scale mail (worn)
Magical Staves
 s - a staff of conjuration {!a}
Talismans
 l - a serpent talisman
Wands
 m - a wand of polymorph (7)
 p - a wand of mindburst (18)
Scrolls
 c - 4 scrolls of identify {unknown}
 f - a scroll of enchant armour {unknown}
 k - a scroll of poison {unknown}
 o - 2 scrolls of amnesia {unknown}
 t - a scroll of fog {unknown}
Potions
 d - 2 potions of brilliance {unknown}


   Skills:
 + Level 6.8 Fighting
 + Level 2.0 Short Blades
 + Level 2.0 Long Blades
 + Level 6.8 Axes
 + Level 2.0 Maces & Flails
 + Level 2.0 Polearms
 + Level 2.0 Staves
 + Level 2.0 Ranged Weapons
 + Level 2.0 Throwing
 + Level 2.0 Armour
 + Level 2.0 Dodging
 + Level 2.0 Stealth
 + Level 2.0 Shields
 + Level 2.0 Unarmed Combat
 + Level 3.4 Spellcasting
 + Level 1.5 Conjurations
 + Level 1.5 Hexes
 + Level 1.5 Summonings
 + Level 1.5 Necromancy
 + Level 1.5 Translocations
 + Level 5.6 Fire Magic
 + Level 1.5 Ice Magic
 + Level 1.5 Air Magic
 + Level 1.5 Earth Magic
 + Level 1.5 Alchemy
 + Level 2.2 Invocations
 + Level 2.0 Evocations
 + Level 1.8 Shapeshifting


You had 11 spell levels left.
You didn't know any spells.
Your spell library contained the following spells:

 Spells                   Type           Power      Damage    Failure   Level
 Scorch                   Fire           34%        2d6       13%         2
 Tukima's Dance           Hex            6%         N/A       80%         3
 Dimensional Bullseye     Hex/Tloc       3%         N/A       99%         4
 Iskenderun's Mystic Bla  Conj/Tloc      6%         2d4       99%         4


Dungeon Overview and Level Annotations

Branches:
Dungeon (4/15)
 Temple: D:4-7

Altars:
The Shining One


Innate Abilities, Weirdness & Mutations

You have very sharp teeth.
Your uncanny sense of smell can sniff out nearby items.
Your experience applies equally to all skills.


Message History

Yer Armour skill increases ta level 2!
Yer Dodgin' skill increases ta level 2!
Yer Stealth skill increases ta level 2!
Yer Shields skill increases ta level 2!
Yer Unarmed Combat skill increases ta level 2!
Yer Evocations skill increases ta level 2!
Ye start restin'.
A jelly comes inta view.
Ye regain'd 7 hp, an' now haf 29/53 hp.
Ye see 'ere a hobgoblin corpse.
Found 18 gold pieces.
Ye see 'ere a +0 leathar armour.
An orc comes inta view.
It be wieldin' a +0 club.
Ye see 'ere a +0 dagger.
Found a stone staircase leadin' down.
Ye see 'ere a +0 slin'.
Thar be a stone staircase leadin' up 'ere.
Tha jelly hits ye.
Ye be splashed wit' acid!
Ye climb upwards.
Thar be a stone staircase leadin' down 'ere.
Ye take 10 damage, an' haf 31/53 hp.
Ye hit tha jelly.
Yer hands burn!
Yer bite misses tha jelly.
Tha jelly be moderately wounded.
Tha jelly closely misses ye.
Ye take 3 damage, an' haf 28/53 hp.
Ye hit tha jelly.
Tha acid corrodes ye!
Yer hands burn!
Tha jelly be heavily wounded.
Ye take 4 damage, an' haf 24/53 hp.
Ye hit tha jelly but do nay damage.
Yer hands burn!
Ye bite tha jelly, but do nay damage.
Tha jelly be heavily wounded.
Tha jelly hits ye but does nay damage.
Ye take 2 damage, an' haf 22/53 hp.
Ye hit tha jelly but do nay damage.
Yer hands burn!
Ye bite tha jelly.
Tha jelly be severely wounded.
Ye hit tha jelly but do nay damage.
Yer hands burn!
Ye bite tha jelly.
Tha jelly be severely wounded.
Tha jelly hits ye.
Ye be splashed wit' acid!
* * * LOW HITPOINT WARNIN'
* * * Ye take 18 damage, an' haf 4/53 hp.
MASSIVE DAMAGE!!
Ye hit tha jelly.
Yer hands burn!
Ye die...

..###..####......###.# #.......
.............#....##.# #...####
.#.########........#.# #...# .#.#
######.##.###†#.# #...#
...###...##....# #...# #...#
#####.....#.##.###.#######...####
#........##...................
#..........)..#...............
#.......###)#@.#..............
##.....###.#.J#########...####
##...###.###.# #......# ### #####
##.#.## #.##...# ..# ##.##
#.##...# #.###### #.# #.#....#
.(.....# #†# #.#....# ..####.#
#.# #.#....# #.# #.#######.#
#<....##


You could see a jelly.

Vanquished Creatures
  Jessica (D:3)
  An iguana (D:4)
  Terence (D:3)
  Natasha (thrice) (D:2)
  4 adders
  4 dart slugs
  2 ribbon worms
  3 orcs (D:3)
  8 endoplasms
  A giant cockroach (D:2)
  3 goblins
  8 hobgoblins
  2 jackals (D:4)
  10 kobolds
  2 quokkas
  10 ball pythons
  6 bats
  8 frilled lizards (D:1)
  10 rats
87 creatures vanquished.

Notes
Turn   | Place    | Note
-------+----------+-------------------------------------------
     0 | D:1      | ProzacElf the Gnoll Cinder Acolyte began the quest for the
                  | Orb.
     0 | D:1      | Reached XP level 1. HP: 23/23 MP: 4/4
   135 | D:1      | Reached XP level 2. HP: 29/29 MP: 5/5
   431 | D:1      | Reached XP level 3. HP: 35/35 MP: 7/7
   611 | D:1      | Reached skill level 1 in Invocations
  1047 | D:2      | Reached skill level 1 in Short Blades
  1047 | D:2      | Reached skill level 1 in Long Blades
  1047 | D:2      | Reached skill level 1 in Maces & Flails
  1047 | D:2      | Reached skill level 1 in Polearms
  1047 | D:2      | Reached skill level 1 in Staves
  1047 | D:2      | Reached skill level 1 in Ranged Weapons
  1047 | D:2      | Reached skill level 1 in Throwing
  1047 | D:2      | Reached skill level 1 in Armour
  1047 | D:2      | Reached skill level 1 in Dodging
  1047 | D:2      | Reached skill level 1 in Stealth
  1047 | D:2      | Reached skill level 1 in Shields
  1047 | D:2      | Reached skill level 1 in Unarmed Combat
  1047 | D:2      | Reached skill level 1 in Evocations
  1247 | D:2      | Reached skill level 1 in Shapeshifting
  1247 | D:2      | Reached XP level 4. HP: 25/41 MP: 8/8
  1320 | D:2      | Found a glowing golden altar of the Shining One.
  1488 | D:2      | Reached skill level 1 in Conjurations
  1488 | D:2      | Reached skill level 1 in Hexes
  1488 | D:2      | Reached skill level 1 in Summonings
  1488 | D:2      | Reached skill level 1 in Necromancy
  1488 | D:2      | Reached skill level 1 in Translocations
  1488 | D:2      | Reached skill level 1 in Ice Magic
  1488 | D:2      | Reached skill level 1 in Air Magic
  1488 | D:2      | Reached skill level 1 in Earth Magic
  1488 | D:2      | Reached skill level 1 in Alchemy
  1921 | D:3      | Noticed Natasha
  1921 | D:3      | Noticed Terence
  1949 | D:2      | Killed Natasha
  2346 | D:2      | Found a glowing golden altar of the Shining One.
  2354 | D:2      | Noticed Natasha
  2380 | D:2      | Killed Natasha
  2381 | D:2      | Reached XP level 5. HP: 26/47 MP: 9/9
  2825 | D:2      | Noticed Natasha
  2969 | D:2      | Killed Natasha
  3307 | D:3      | Killed Terence
  3563 | D:3      | Noticed Jessica
  3571 | D:3      | Killed Jessica
  3660 | D:3      | Reached XP level 6. HP: 53/53 MP: 11/11
  4435 | D:3      | Splashed by a jelly's acid

Illustrated notes

Levels and vault maps discovered:
D:1:      giann_horns, layout_basic, minmay_lizard_pond
D:2:      layout_loops_corners, basic_altar, serial_glass, glass_columns_a,
          glass_columns_a
D:3:      minmay_chambers_of_threes, layout_loops_cross, uniq_jessica,
          uniq_natasha, uniq_terence
D:4:      layout_cave_pools

Skill      XL: |  1  2  3  4  5  6 |
---------------+-------------------+-----
Invocations    | 1 2 |  2.2
Short Blades   | 1 2 |  2.0
Long Blades    | 1 2 |  2.0
Maces & Flails | 1 2 |  2.0
Polearms       | 1 2 |  2.0
Staves         | 1 2 |  2.0
Ranged Weapons | 1 2 |  2.0
Throwing       | 1 2 |  2.0
Armour         | 1 2 |  2.0
Dodging        | 1 2 |  2.0
Stealth        | 1 2 |  2.0
Shields        | 1 2 |  2.0
Unarmed Combat | 1 2 |  2.0
Evocations     | 1 2 |  2.0
Shapeshifting  | 1 |  1.8
Spellcasting   | 3 |  3.4
Conjurations   | 1 |  1.5
Hexes          | 1 |  1.5
Summonings     | 1 |  1.5
Necromancy     | 1 |  1.5
Translocations | 1 |  1.5
Ice Magic      | 1 |  1.5
Air Magic      | 1 |  1.5
Earth Magic    | 1 |  1.5
Alchemy        | 1 |  1.5
Fighting       | |  6.8
Axes           | |  6.8
Fire Magic     | |  5.6

Action                     |  1- 3 |  4- 6 || total
---------------------------+-------+-------++-------
  Melee: Hand axe          |   138 |       ||   138
         Bite              |     6 |    28 ||    34
         Punch             |     1 |     8 ||     9
         Dagger            |       |   170 ||   170
         Unarmed           |       |    13 ||    13
         Short sword       |       |   120 ||   120
   Fire: Sling             |     4 |     1 ||     5
   Stab: Sleeping          |     1 |       ||     1
 Armour: Robe              |    62 |       ||    62
         Leather armour    |     8 |   102 ||   110
         Skin              |       |    11 ||    11
         Scale mail        |       |    58 ||    58
  Dodge: Dodged            |    93 |   110 ||   203

Action                     |  1- 3 |  4- 6 || total
---------------------------+-------+-------++-------
  Melee: Hand axe          |   138 |       ||   138
         Bite              |     6 |    28 ||    34
         Punch             |     1 |     8 ||     9
         Dagger            |       |   170 ||   170
         Unarmed           |       |    13 ||    13
         Short sword       |       |   120 ||   120
   Fire: Sling             |     4 |     1 ||     5
   Stab: Sleeping          |     1 |       ||     1
 Armour: Robe              |    62 |       ||    62
         Leather armour    |     8 |   102 ||   110
         Skin              |       |    11 ||    11
         Scale mail        |       |    58 ||    58
  Dodge: Dodged            |    93 |   110 ||   203

Levels and vault maps discovered:
D:1:      giann_horns, layout_basic, minmay_lizard_pond
D:2:      layout_loops_corners, basic_altar, serial_glass, glass_columns_a,
          glass_columns_a
D:3:      minmay_chambers_of_threes, layout_loops_cross, uniq_jessica,
          uniq_natasha, uniq_terence
D:4:      layout_cave_pools
